 Dungeon Crawl Stone Soup version 0.29-a0-468-ge57f7f99b4 (webtiles) character file.

Game seed: 16164763338083375666

74 Sabo the Ruffian (level 3, 0/28 HPs)
             Began as a Demigod Transmuter on May 21, 2022.
             Slain by an orc wizard
             ... wielding a +0 dagger
              (1 damage)
             ... on level 3 of the Dungeon.
             The game lasted 00:10:24 (2660 turns).

Sabo the Ruffian (Demigod Transmuter)               Turns: 2660, Time: 00:10:24

Health: 0/28       AC:  3    Str: 15    XL:     3   Next: 86%
Magic:  8/8        EV: 12    Int: 15    God:
Gold:   36         SH:  0    Dex: 14    Spells: 5/6 levels left

rFire   + . .      SeeInvis .   k - +1 spear (freeze)
rCold   + . .      Faith    .   (no shield)
rNeg    . . .      Spirit   .   i - +0 leather armour
rPois   .          Reflect  .   (no helmet)
rElec   .          Harm     .   j - scarf {rC+ rF+}
rCorr   .          Rampage  .   (no gloves)
Will    .....                   (no boots)
Stlth   +.........              (no amulet)
HPRegen 0.09/turn               (no ring)
MPRegen 0.11/turn               (no ring)

@: confused
A: high MP 1, forlorn, divine attributes
a: no special abilities


You were on level 3 of the Dungeon.
You visited 1 branch of the dungeon, and saw 3 of its levels.

You collected 36 gold pieces.

Inventory:

Hand Weapons
 e - a +0 shortbow
 k - a +1 spear of freezing (weapon)
Missiles
 r - 3 javelins (quivered)
 t - 2 poisoned darts
Armour
 a - a +0 robe
 i - a +0 leather armour (worn)
 j - a scarf of resistance (worn)
 u - a +0 cloak
Wands
 s - a wand of flame (22)
Scrolls
 d - a scroll of silence {unknown}
 m - a scroll of brand weapon {unknown}
 n - a scroll of identify {unknown}
 o - a scroll of magic mapping {unknown}
 q - a scroll of poison {unknown}
 w - a scroll of summoning {unknown}
 x - a scroll of enchant weapon {unknown}
 y - a scroll of amnesia {unknown}
 A - a scroll of teleportation {unknown}
Potions
 b - a potion of lignification
 c - a potion of haste {unknown}
 f - a potion of ambrosia {unknown}
 g - a potion of mutation {unknown}
 l - a potion of attraction {unknown}
 p - 3 potions of flight {unknown}
 v - a potion of heal wounds {unknown}
 z - a potion of invisibility {unknown}


   Skills:
 + Level 1.0 Fighting
 + Level 0.3(1.0) Axes
 + Level 1.4(1.5) Polearms
 + Level 0.6 Armour
 + Level 2.2 Dodging
 + Level 0.7 Stealth
 + Level 3.1 Unarmed Combat
 + Level 2.0 Spellcasting
 + Level 1.9 Transmutations


You had 5 spell levels left.
You knew the following spells:

 Your Spells              Type           Power      Damage    Failure   Level
a - Beastly Appendage     Tmut           14%        N/A       12%         1

Your spell library contained the following spells:

 Spells                   Type           Power      Damage    Failure   Level
 Wereblood                Tmut           7%         N/A       19%         2
 Passwall                 Tmut/Erth      3%         N/A       28%         2
 Ensorcelled Hibernation  Hex/Ice        2%         N/A       38%         2
 Spider Form              Tmut/Pois      4%         N/A       50%         3
 Swiftness                Air            1%         N/A       63%         3
 Ice Form                 Ice/Tmut       4%         N/A       88%         4
 Cause Fear               Hex            0%         N/A       95%         4
 Dragon Form              Tmut           3%         N/A       100%        7
 Dragon's Call            Summ           0%         N/A       100%        9


Dungeon Overview and Level Annotations

Branches:
Dungeon (3/15)


Innate Abilities, Weirdness & Mutations

You have an increased reservoir of magic. (+10% MP)
You shall have no god before yourself.
Your divine heritage dramatically boosts your attributes as you level up.


Message History

The orc wizard is lightly wounded.
The orc wizard gestures at you while chanting.
You are confused.
You miss the orc wizard.
The orc wizard is lightly wounded.
The orc wizard hits you with a +0 dagger.
* * * LOW HITPOINT WARNING * * *
You bump into the rock wall.
The orc wizard hits you with a +0 dagger.
* * * LOW HITPOINT WARNING * * *
You hit the orc wizard but do no damage.
The orc wizard is lightly wounded.
The orc wizard gestures at you while chanting.
You resist with some effort.
You miss the orc wizard.
The orc wizard is lightly wounded.
The orc wizard casts a spell at you. You resist with some effort.
You miss the orc wizard.
The orc wizard is lightly wounded.
The orc wizard hits you but does no damage.
You feel less confused.
The orc wizard gestures at you while chanting.
The puff of flame hits you. You resist.
* * * LOW HITPOINT WARNING * * *
You hit the orc wizard. You freeze the orc wizard.
The orc wizard is moderately wounded.
The orc wizard hits you with a +0 dagger.
* * * LOW HITPOINT WARNING * * *
You barely miss the orc wizard.
The orc wizard is moderately wounded.
The orc wizard points at you and mumbles some strange words.
You are confused.
The orc wizard hits you but does no damage.
Things that are here:
a +0 hand axe; an orc corpse You hit the orc wizard.
You freeze the orc wizard.
The orc wizard is moderately wounded.
The orc wizard hits you with a +0 dagger.
You die...

######## #......#
#####....#.####
#...........o@#########
#.###....#.##.##......#
#.# #.####.##.##.####.#
#.# #......#.#.#.####.#
###.#
#######.###.....#.#
#...# ##.#.#.##.#<#
#o##..# ##.##.##.#.# #
..... ####......#
#.#.##Y# ####.###


You could see an orc wizard.

Vanquished Creatures
  4 adders
  A worm (D:2)
  An orc (D:3)
  2 bats (D:2)
  2 endoplasms (D:1)
  4 giant cockroaches
  A goblin (D:1)
  2 hobgoblins
  4 jackals (D:2)
  3 kobolds (D:2)
  A quokka (D:2)
  3 ball pythons
  2 frilled lizards
  3 rats (D:1)
33 creatures vanquished.

Vanquished Creatures (others)
  2 demonic plants (D:1)
  4 fungi (D:1)
  5 plants (D:1)
  3 withered plants (D:1)
14 creatures vanquished.

Grand Total: 47 creatures vanquished

Notes
Turn   | Place    | Note
-------+----------+-------------------------------------------
     0 | D:1      | Sabo the Demigod Transmuter began the quest for the Orb.
     0 | D:1      | Reached XP level 1. HP: 15/15 MP: 5/5
     2 | D:1      | You fall into a shaft and drop 1 floor!
   504 | D:1      | Reached skill level 3 in Unarmed Combat
   719 | D:1      | Reached XP level 2. HP: 22/22 MP: 7/7
  1443 | D:2      | Reached skill level 1 in Fighting
  1573 | D:2      | Reached XP level 3. HP: 6/28 MP: 6/8
  1575 | D:2      | Reached skill level 1 in Polearms
  2553 | D:3      | Noticed an ice beast
  2657 | D:3      | HP: 1/28 [orc wizard/+0 dagger (3)]
  2660 | D:3      | Slain by an orc wizard

Illustrated notes

Levels and vault maps discovered:
D:1:      onia_arrival_mini_maze_b, layout_rooms, shapermc_ecumenical_altar_gd,
          minmay_large_rounded_square
D:2:      layout_basic
D:3:      layout_loops_cross, lightli_temple_of_fire, overflow_temple_1_default

Skill      XL: |  1  2  3 |
---------------+----------+-----
Unarmed Combat | 3 |  3.1
Fighting       | 1 |  1.0
Spellcasting   | 2 |  2.0
Polearms       | 1 |  1.4
Dodging        | 2 |  2.2
Axes           | |  0.3
Armour         | |  0.6
Stealth        | |  0.7
Transmutations | |  1.9

Action                   || total
-------------------------++-------
Melee: Spear             ||   103
       Hand axe          ||    18
       Kick              ||     8
       Unarmed           ||     2
       Headbutt          ||     2
       Punch             ||     2
Throw: Javelin           ||     2
 Cast: Beastly Appendage ||     7
  Use: Scroll            ||     2
 Stab: Sleeping          ||     1
Armor: Robe              ||     3
       Leather armour    ||    27
Dodge: Dodged            ||    75

Table legend: (Time is in decaauts)
 A = Elapsed time spent in this place.
 B = Non-inter-level travel time spent in this place.
 C = Inter-level travel time spent in this place.
 D = Time resting spent in this place.
 E = Time spent auto-exploring this place.
 F = Levels seen in this place.
 G = Mean time per level.
                   A        B        C        D        E       F      G
               +--------+--------+--------+--------+--------+-----+--------+
         Total |   2672 |   2672 |      0 |   1079 |      0 |   3 |  890.7 |
       Dungeon |   2672 |   2672 |      0 |   1079 |      0 |   3 |  890.7 |
               +--------+--------+--------+--------+--------+-----+--------+

Top non-repeatable levels by time:
     D:2: 1386 daAuts
     D:1: 1041 daAuts
     D:3: 244 daAuts
